[ AOE2 MATCH · #474760335 ]
1v1 RMBurgundians vs Persians
Rival team · LOSS
[ REPLAY ANALYSIS · EXTRACTED FROM THE RECORDED GAME ]
Feudal
12:23
Castle
21:32
Imperial
—
| APM avg | 12.5 |
| APM peak | 33 |
| eAPM avg | 8.3 |
| Villagers / military | 39 / 33 |
Focus
⚔️ 10.3% · 🌾 89.7%
Knight ×33
Feudal
10:04
Castle
19:09
Imperial
—
| APM avg | 18.7 |
| APM peak | 51 |
| eAPM avg | 11.1 |
| Villagers / military | 70 / 24 |
Focus
⚔️ 15.8% · 🌾 84.2%
Scout Cavalry ×13 · Skirmisher ×7 · Monk ×2 · Archer ×2
Match map
Initial resources + every placement click. Lines = walls · curves = elevation contours. ◆ gold · ⬟ stone · ● berries · ✦ relic · ◌ wall gap
Your base· Open — unwalled flank
传林's base· Open — unwalled flank
Smoothed initial terrain · ◌ = detected wall gap · hover for details
Inputs per minute
— Big Black Cheif - - 传林
Build order — Big Black Cheif
108 actions detected in the replay
| 0:01 | Create | Villager (Male) |
| 0:01 | Create | Villager (Male) |
| 0:01 | Create | Villager (Male) |
| 0:02 | Build | House |
| 0:05 | Build | House |
| 1:35 | Create | Villager (Male) |
| 1:35 | Create | Villager (Male) |
| 2:10 | Build | Lumber Camp |
| 2:50 | Create | Villager (Male) |
| 2:52 | Create | Villager (Male) |
| 3:21 | Build | House |
| 4:28 | Create | Villager (Male) |
| 4:37 | Create | Villager (Male) |
| 5:11 | Create | Villager (Male) |
| 5:44 | Create | Villager (Male) |
| 6:54 | Create | Villager (Male) |
| 7:02 | Create | Villager (Male) |
| 7:55 | Build | Mill |
| 8:33 | Create | Villager (Male) |
| 8:54 | Create | Villager (Male) |
| 8:54 | Create | Villager (Male) |
| 9:14 | Create | Villager (Male) |
| 9:24 | Build | House |
| 9:54 | Build | Mining Camp |
| 10:02 | Research | Feudal Age |
| 10:13 | Build | Farm |
| 10:14 | Build | Farm |
| 10:16 | Build | Farm |
| 10:46 | Create | Villager (Male) |
| 10:48 | Create | Villager (Male) |
| 10:51 | Research | Gold Mining |
| 10:54 | Research | Double-Bit Axe |
| 10:57 | Research | Horse Collar |
| 11:57 | Build | House |
| 11:59 | Build | House |
| 12:01 | Build | House |
| 12:14 | Create | Villager (Male) |
| 12:23 | Age | Feudal Age |
| 12:30 | Build | Farm |
| 12:32 | Build | Farm |
| 12:36 | Create | Villager (Male) |
| 13:52 | Create | Villager (Male) |
| 13:53 | Create | Villager (Male) |
| 14:11 | Build | Farm |
| 14:31 | Build | Farm |
| 14:34 | Build | Farm |
| 14:35 | Build | Farm |
| 14:37 | Build | Farm |
| 14:38 | Build | Farm |
| 14:43 | Create | Villager (Male) |
| 14:44 | Create | Villager (Male) |
| 15:04 | Create | Villager (Male) |
| 15:05 | Create | Villager (Male) |
| 15:31 | Build | Blacksmith |
| 15:40 | Build | Farm |
| 15:43 | Build | Farm |
| 15:45 | Build | Farm |
| 16:21 | Build | Lumber Camp |
| 16:43 | Create | Villager (Male) |
| 16:46 | Create | Villager (Male) |
| 16:46 | Create | Villager (Male) |
| 17:43 | Build | Market |
| 18:02 | Create | Villager (Male) |
| 18:03 | Create | Villager (Male) |
| 18:30 | Research | Scale Barding Armor |
| 18:30 | Research | Forging |
| 18:33 | Research | Castle Age |
| 19:03 | Build | Barracks |
| 19:22 | Research | Bow Saw |
| 19:26 | Research | Gold Shaft Mining |
| 19:34 | Research | Heavy Plow |
| 20:12 | Build | Stable |
| 20:24 | Create | Villager (Male) |
| 20:24 | Create | Villager (Male) |
| 21:02 | Build | House |
| 21:05 | Build | House |
| 21:07 | Build | House |
| 21:08 | Build | House |
| 21:09 | Build | House |
| 21:26 | Build | Stable |
| 21:32 | Age | Castle Age |
| 21:34 | Build | Stable |
| 21:39 | Research | Cavalier (upgrade) |
| 21:40 | Research | Husbandry |
| 21:44 | Research | Chain Barding Armor |
| 21:56 | Research | Iron Casting |
| 22:04 | Create | Villager (Male) |
| 22:27 | Build | Farm |
| 22:30 | Build | Farm |
| 22:32 | Build | Farm |
| 22:35 | Build | Farm |
| 22:45 | Create | Villager (Male) |
| 23:02 | Build | Farm |
| 23:03 | Build | Farm |
| 23:12 | Build | Farm |
| 23:17 | Create | Villager (Male) |
| 23:38 | Create | Knight ×5 |
| 23:40 | Create | Knight |
| 24:04 | Create | Villager (Male) |
| 24:31 | Create | Villager (Male) |
| 24:41 | Build | House |
| 24:42 | Build | House |
| 24:58 | Create | Knight ×5 |
| 24:59 | Create | Knight ×5 |
| 25:17 | Create | Knight ×2 |
| 27:32 | Create | Knight ×5 |
| 27:32 | Create | Knight ×5 |
| 27:32 | Create | Knight ×5 |
Build order — 传林
150 actions detected in the replay
| 0:02 | Create | Villager (Male) |
| 0:03 | Create | Villager (Male) |
| 0:03 | Create | Villager (Male) |
| 0:10 | Build | House |
| 0:18 | Build | House |
| 0:24 | Create | Villager (Male) |
| 0:25 | Create | Villager (Male) |
| 0:53 | Build | House |
| 1:49 | Create | Villager (Male) |
| 1:50 | Create | Villager (Male) |
| 2:07 | Create | Villager (Male) |
| 2:07 | Create | Villager (Male) |
| 3:01 | Build | Lumber Camp |
| 3:09 | Create | Villager (Male) |
| 3:10 | Create | Villager (Male) |
| 3:10 | Create | Villager (Male) |
| 4:47 | Create | Villager (Male) |
| 4:47 | Create | Villager (Male) |
| 5:06 | Create | Villager (Male) |
| 6:44 | Create | Villager (Male) |
| 6:44 | Create | Villager (Male) |
| 6:45 | Create | Villager (Male) |
| 7:22 | Build | Mill |
| 7:32 | Build | House |
| 7:33 | Build | House |
| 7:34 | Build | House |
| 8:00 | Research | Feudal Age |
| 8:02 | Create | Villager (Male) |
| 8:02 | Create | Villager (Male) |
| 8:36 | Build | Farm |
| 8:37 | Build | Farm |
| 8:47 | Create | Villager (Male) |
| 8:48 | Create | Villager (Male) |
| 9:58 | Build | Mill |
| 10:04 | Age | Feudal Age |
| 10:14 | Build | Farm |
| 10:27 | Create | Villager (Male) |
| 10:28 | Create | Villager (Male) |
| 10:28 | Create | Villager (Male) |
| 11:05 | Build | Lumber Camp |
| 11:18 | Build | Mining Camp |
| 11:35 | Build | Farm |
| 12:04 | Build | Farm |
| 12:15 | Create | Villager (Male) |
| 12:16 | Create | Villager (Male) |
| 12:34 | Build | Farm |
| 13:04 | Build | Farm |
| 13:12 | Create | Villager (Male) |
| 13:13 | Create | Villager (Male) |
| 13:13 | Create | Villager (Male) |
| 13:13 | Create | Villager (Male) |
| 13:24 | Build | Farm |
| 13:50 | Build | Farm |
| 14:02 | Research | Double-Bit Axe |
| 14:10 | Build | Farm |
| 14:46 | Build | Blacksmith |
| 14:55 | Build | Farm |
| 15:08 | Create | Villager (Male) |
| 15:08 | Create | Villager (Male) |
| 15:08 | Create | Villager (Male) |
| 15:09 | Create | Villager (Male) |
| 15:23 | Build | House |
| 15:25 | Build | House |
| 15:26 | Build | House |
| 15:28 | Build | House |
| 15:29 | Build | House |
| 15:31 | Build | House |
| 15:35 | Build | House |
| 16:05 | Build | Market |
| 16:27 | Build | Farm |
| 16:43 | Research | Castle Age |
| 16:46 | Create | Villager (Male) |
| 16:46 | Create | Villager (Male) |
| 16:47 | Create | Villager (Male) |
| 16:47 | Create | Villager (Male) |
| 17:02 | Build | Barracks |
| 17:23 | Build | Mining Camp |
| 17:44 | Research | Horse Collar |
| 17:51 | Build | Farm |
| 17:56 | Create | Villager (Male) |
| 17:56 | Create | Villager (Male) |
| 19:03 | Build | Stable |
| 19:09 | Age | Castle Age |
| 19:25 | Build | Town Center |
| 19:45 | Build | Farm |
| 20:39 | Create | Scout Cavalry |
| 20:39 | Create | Scout Cavalry |
| 20:40 | Create | Scout Cavalry |
| 20:40 | Create | Scout Cavalry |
| 20:40 | Create | Scout Cavalry |
| 20:41 | Create | Scout Cavalry |
| 20:41 | Create | Scout Cavalry |
| 20:49 | Create | Villager (Male) |
| 20:49 | Create | Villager (Male) |
| 20:49 | Create | Villager (Male) |
| 20:57 | Research | Stone Mining |
| 21:17 | Create | Villager (Male) |
| 21:17 | Create | Villager (Male) |
| 21:18 | Create | Villager (Male) |
| 21:21 | Create | Villager (Male) |
| 21:22 | Create | Villager (Male) |
| 21:30 | Build | Farm |
| 21:30 | Build | Farm |
| 21:30 | Build | Farm |
| 21:31 | Build | Farm |
| 21:31 | Build | Farm |
| 21:34 | Create | Villager (Male) |
| 21:34 | Create | Villager (Male) |
| 21:34 | Create | Villager (Male) |
| 21:35 | Create | Villager (Male) |
| 21:35 | Create | Villager (Male) |
| 21:35 | Create | Villager (Male) |
| 21:43 | Create | Villager (Male) |
| 21:44 | Create | Villager (Male) |
| 21:58 | Build | Farm |
| 22:25 | Create | Villager (Male) |
| 22:26 | Create | Villager (Male) |
| 22:40 | Build | Monastery |
| 22:53 | Research | Bow Saw |
| 22:58 | Create | Villager (Male) |
| 22:58 | Create | Villager (Male) |
| 22:58 | Create | Villager (Male) |
| 23:21 | Research | Stone Shaft Mining |
| 23:34 | Create | Monk |
| 23:34 | Create | Monk |
| 23:52 | Build | Archery Range |
| 24:08 | Create | Villager (Male) |
| 24:08 | Create | Villager (Male) |
| 24:08 | Create | Villager (Male) |
| 24:08 | Create | Villager (Male) |
| 24:09 | Create | Villager (Male) |
| 24:15 | Create | Villager (Male) |
| 24:15 | Create | Villager (Male) |
| 24:16 | Create | Villager (Male) |
| 25:07 | Build | Castle |
| 25:42 | Create | Scout Cavalry |
| 25:42 | Create | Scout Cavalry |
| 25:42 | Create | Scout Cavalry |
| 25:45 | Create | Archer |
| 25:46 | Create | Archer |
| 25:46 | Create | Skirmisher |
| 25:47 | Create | Skirmisher |
| 25:47 | Create | Skirmisher |
| 25:47 | Create | Skirmisher |
| 25:47 | Create | Skirmisher |
| 25:48 | Create | Skirmisher |
| 25:48 | Create | Skirmisher |
| 27:09 | Create | Scout Cavalry |
| 27:09 | Create | Scout Cavalry |
| 27:09 | Create | Scout Cavalry |
Match timeline
| 10:04 | 传林 · age_up feudal |
| 12:23 | Big Black Cheif · age_up feudal |
| 17:02 | 传林 · first_building Barracks |
| 19:03 | 传林 · first_building Stable |
| 19:03 | Big Black Cheif · first_building Barracks |
| 19:09 | 传林 · age_up castle |
| 20:12 | Big Black Cheif · first_building Stable |
| 21:32 | Big Black Cheif · age_up castle |
| 22:40 | 传林 · first_building Monastery |
| 23:52 | 传林 · first_building Archery Range |
| 25:07 | 传林 · first_building Castle |
| 28:09 | 传林 · resign |
[ AI ANALYSIS · 1 CREDIT ]
What really happened in this match?
Wolo.gg analyzes every decision: build order, eco, micro, common mistakes by bracket. Personalized analysis on WhatsApp or Discord in 30 seconds.
Civ guide
Burgundians
Map guide
Arabia
Perfil
Jugador #39173